[Event "Sunway Sitges Chess Festival"]
[Date "2024.12.22"]
[White "Gholami Orimi, Mahdi"]
[Black "Li, Di"]
[WhiteElo "2402"]
[BlackElo "2440"]
[Round "15.2"]
[Result "0-1"]
[TimeControl "40/5400+30:1800+30"]

1. d4 d5 2. c4 c6 3. Nf3 a6 4. c5 Bf5 5. Nc3 e6 6. g3 Nd7 7. Bg2 h6 8. O-O Ngf6 9. Bf4 Be7 10. b4 Ne4 11. Qb3 O-O 12. a4 Bf6 13. Rfd1 Re8 14. Ne5 Nxc3 15. Qxc3 g5 16. Be3 Bg7 17. b5 axb5 18. axb5 Rxa1 19. Rxa1 Nxe5 20. dxe5 cxb5 21. Bd4 Qc7 22. Qb2 Rc8 23. Bf1 Bf8 24. Rc1 b6 25. c6 Bc5 26. Bxc5 bxc5 27. Rxc5 Qb6 28. Qb4 Rxc6 29. Rxb5 Qd8 30. Rb7 Kg7 31. Qa4 Rc1 32. Qa7 Qe8 33. Kg2 g4 34. Qe3 Qc6 35. Rb6 Qc4 36. Rb7 d4 37. Qf4 Qc6+ 0-1

[Variant "Standard"]
[Site "Europe Echecs"]

[Event "Sunway Sitges Chess Festival"]
[Date "2024.12.22"]
[White "Moussard, Jules"]
[Black "Ilamparthi A R"]
[WhiteElo "2649"]
[BlackElo "2391"]
[Round "15.3"]
[Result "1-0"]
[TimeControl "40/5400+30:1800+30"]

1. a3 e5 2. e3 d5 3. d3 Nf6 4. h3 Nc6 5. g3 Be7 6. b3 Be6 7. Ne2 Qd7 8. Nd2 O-O 9. Bg2 a5 10. Bb2 Rad8 11. Nf3 Bd6 12. d4 e4 13. Ne5 Qe7 14. Qd2 a4 15. Nf4 Bc8 16. Qc3 Rfe8 17. Nxc6 bxc6 18. Qxc6 Bd7 19. Qc3 Bb5 20. Qd2 Bxf4 21. gxf4 Rd6 22. Bc3 Rc6 23. Bb4 Qe6 24. Bf1 Bxf1 25. Kxf1 Qf5 26. Bc5 Nd7 27. b4 Rh6 28. h4 Nb6 29. Bxb6 cxb6 30. c4 dxc4 31. Rc1 Qd5 32. Qe2 b5 33. Ke1 Rg6 34. h5 Rc6 35. Qg4 c3 36. Rg1 g6 37. Qe2 Kf8 38. Rg5 f5 39. Kf1 Rec8 40. Rc2 Kf7 41. Kg2 R6c7 42. Kh2 Rc6 43. Rg1 Rc4 44. Qf1 R4c6 45. Qh3 Kg7 46. Qh4 Qd8 47. Qg3 Qd5 48. Qg5 Qd8 49. Qxf5 Qh4+ 50. Qh3 Qf6 51. f5 Qd6+ 52. Kh1 Qd5 53. Rg5 Qd8 54. Qg4 Kh6 55. f4 exf3 56. hxg6 f2 57. Qh4+ Kg7 58. f6+ Qxf6 59. Qxh7+ Kf8 60. g7+ Ke7 61.
g8=Q+ Kd6 62. Rd5# 1-0

[Variant "Standard"]
[Site "Europe Echecs"]

[Event "Sunway Sitges Chess Festival"]
[Date "2024.12.22"]
[White "Moussard, Jules"]
[Black "Ilamparthi A R"]
[WhiteElo "2649"]
[BlackElo "2391"]
[Round "16.1"]
[Result "1-0"]
[TimeControl "40/5400+30:1800+30"]

1. d3 d6 2. Nd2 g6 3. h4 Nf6 4. b3 Bg7 5. Bb2 O-O 6. e3 e5 7. Be2 c5 8. h5 Nc6 9. hxg6 hxg6 10. Ngf3 Re8 11. Ng5 Qe7 12. c4 a5 13. Nde4 a4 14. Nxf6+ Bxf6 15. Ne4 Bg7 16. Nc3 a3 17. Nd5 Qd8 18. Bc3 Be6 19. Bf3 Rb8 20. Qc1 b5 21. cxb5 Rxb5 22. Nf6+ Bxf6 23. Bxc6 Bd7 24. Bxb5 Bxb5 25. Qxa3 e4 26. Qb2 Be5 27. dxe4 Qg5 28. O-O-O Qxg2 29. Rh4 Qf3 30. Rxd6 f6 31. Bxe5 Rxe5 32. Rf4 Qh1+ 33. Rd1 Qh5 34. Rxf6 c4 35. bxc4 Bxc4 36. Qb8+ Kg7 37. Qf8+ 1-0

[Variant "Standard"]
[Site "Europe Echecs"]

[Event "Sunway Sitges Chess Festival"]
[Date "2024.12.22"]
[White "Tin, Jingyao"]
[Black "Li, Di"]
[WhiteElo "2480"]
[BlackElo "2440"]
[Round "17.1"]
[Result "0-1"]
[TimeControl "40/5400+30:1800+30"]

1. d4 Nf6 2. c4 e6 3. Nc3 d5 4. cxd5 exd5 5. Bg5 c6 6. e3 Be7 7. Bd3 O-O 8. h3 Re8 9. Qc2 Nbd7 10. Nf3 Nf8 11. Bf4 Bd6 12. Bxd6 Qxd6 13. O-O-O Be6 14. Kb1 Rac8 15. g4 c5 16. dxc5 Rxc5 17. Nd4 Rec8 18. Qb3 N6d7 19. f4 Rxc3 20. bxc3 Nc5 21. Qa3 Bd7 22. Ka1 Qe7 23. Rhe1 g6 24. Bc2 Qh4 25. g5 Qxh3 26. Nb3 Na4 27. Rxd5 Rxc3 28. Qc1 Qg3 29. Red1 Rc7 30. Qd2 Nc3 31. Rc5 Rxc5 32. Nxc5 Nxd1 33. Bxd1 Bc6 34. Bb3 Qg1+ 35. Kb2 Qg2 36. Qxg2 Bxg2 37. Kc3 Kg7 38. Kd4 f6 39. e4 b6 40. Nd3 Bh3 41. Nb4 Be6 42. gxf6+ Kxf6 43. Nc6 Bxb3 44. axb3 Ne6+ 45. Ke3 a5 46. Kf3 Nc5 47. Nd4 Ke7 48. e5 Ne6 49. Nb5 Kd7 50. Kg4 Kc6 51. Nc3 Nd4 52. Kg5 Ne6+ 53. Kg4 h5+ 54. Kg3 Nd4 55. Kh4 Ne6 56. Kg3 b5 57. Ne2 b4 58. Kf3 Kd5 59. Ke3 h4 60. Ng1 Nc5 61. Nf3 Nxb3 62. Nxh4 Nc5 63. Nxg6 a4 64. Kd2 a3 65. Kc2 b3+ 66. Kb1 Na4 67. Ne7+ Kc5 0-1

[Variant "Standard"]
[Site "Europe Echecs"]

[Event "Sunway Sitges Chess Festival"]
[Date "2024.12.22"]
[White "Gholami Orimi, Mahdi"]
[Black "Maurizzi, Marc`Andria"]
[WhiteElo "2402"]
[BlackElo "2477"]
[Round "17.2"]
[Result "0-1"]
[TimeControl "40/5400+30:1800+30"]

1. d4 d5 2. c4 e6 3. Nc3 c5 4. cxd5 cxd4 5. Qa4+ Bd7 6. Qxd4 exd5 7. Qxd5 Nf6 8. Qd1 Bc5 9. Nf3 O-O 10. e3 Qe7 11. Be2 Nc6 12. O-O Ne5 13. Nd4 Nc6 14. Nf3 Ne5 15. a3 Rac8 16. Qc2 Rfe8 17. Rd1 Neg4 18. Qd2 Nxf2 19. Re1 N2g4 20. Qd3 Nxe3 21. Bxe3 Bxe3+ 22. Kf1 Ng4 23. Bd1 Bc6 24. Bc2 g6 25. h3 Bxf3 26. hxg4 Qh4 27. Rxe3 Qh1+ 28. Kf2 Qxg2+ 29. Ke1 Qg1+ 30. Kd2 Qf2+ 0-1

[Variant "Standard"]
[Site "Europe Echecs"]

[Event "Sunway Sitges Chess Festival"]
[Date "2024.12.22"]
[White "Li, Di"]
[Black "Tin, Jingyao"]
[WhiteElo "2440"]
[BlackElo "2480"]
[Round "18.1"]
[Result "1-0"]
[TimeControl "40/5400+30:1800+30"]

1. d4 f5 2. e4 fxe4 3. Nc3 Nf6 4. Bg5 d5 5. Bxf6 exf6 6. Qh5+ g6 7. Qxd5 Bb4 8. Qxe4+ Kf7 9. O-O-O Bxc3 10. bxc3 Re8 11. Qf4 Nc6 12. Nf3 Kg7 13. h4 Qe7 14. Bd3 Be6 15. Rde1 Rad8 16. g4 Qa3+ 17. Kd2 Ne7 18. g5 Qxc3+ 19. Kd1 Nd5 20. gxf6+ Nxf6 21. h5 Bg4 22. hxg6 Qxd4 23. Rxh7+ Kf8 24. Rf7+ Kg8 25.
Rxe8+ Nxe8 26. Rf8+ Kg7 27. Qf7+ Kh6 28. Qh7# 1-0

[Variant "Standard"]
[Site "Europe Echecs"]

[Event "Sunway Sitges Chess Festival"]
[Date "2024.12.22"]
[White "Maurizzi, Marc`Andria"]
[Black "Gholami Orimi, Mahdi"]
[WhiteElo "2477"]
[BlackElo "2402"]
[Round "18.2"]
[Result "1/2-1/2"]
[TimeControl "40/5400+30:1800+30"]

1. e4 g6 2. d4 Bg7 3. Nc3 c6 4. h3 d5 5. Nf3 dxe4 6. Nxe4 Nf6 7. Bd3 O-O 8. O-O Nbd7 9. Re1 a5 10. a4 Qc7 11. c3 Nxe4 12. Bxe4 Rb8 13. Bg5 Nf6 14. Bd3 Be6 15. Qd2 Rbd8 16. Bh6 Bc8 17. Bf4 Qd7 18. Ne5 Qe8 19. Nc4 Nd5 20. Bh6 b6 21. Be4 Ba6 22. Bxd5 cxd5 23. Bxg7 Kxg7 24. Ne5 Rd6 25. Ng4 h5 26. Qh6+ Kg8 27. Ne5 b5 28. Re3 Bc8 29. axb5 Qxb5 30. Nf3 g5 31. Qxh5 Qxb2 32. Rae1 Bf5 33. Qxg5+ Bg6 34. h4 Kh7 35. Qxe7 Qb8 36. h5 Bxh5 37. Ng5+ Kg8 38. Nh3 Rg6 39. Re5 Bf3 40. Nf4 Rg7 41. Qf6 Qd8 42. Qxd8 Rxd8 43. Re8+ Rxe8 44. Rxe8+ Kh7 45. Ra8 Rg4 46.
Rxa5 Rxf4 47. gxf3 Rxf3 48. Rxd5 Rxc3 49. Re5 Rd3 1/2-1/2

[Variant "Standard"]
[Site "Europe Echecs"]

[Event "Sunway Sitges Chess Festival"]
[Date "2024.12.22"]
[White "Vetokhin, Savva"]
[Black "Gorshtein, Ido"]
[WhiteElo "2502"]
[BlackElo "2422"]
[Round "18.3"]
[Result "1-0"]
[TimeControl "40/5400+30:1800+30"]

1. d4 Nf6 2. c4 e6 3. Nc3 Bb4 4. e3 c5 5. Nf3 Bxc3+ 6. bxc3 d6 7. Bd3 Nc6 8. e4 e5 9. d5 Ne7 10. O-O h6 11. Ne1 Ng6 12. g3 Bh3 13. Ng2 h5 14. Bg5 h4 15. Qf3 Qd7 16. Rfb1 hxg3 17. fxg3 Ng4 18. Qf5 b6 19. Qxd7+ Kxd7 20. Ne3 Rh5 21. Nxg4 Bxg4 22. Be3 Kc7 23. Rf1 f6 24. Rf2 Rah8 25. Rb1 Nf8 26. Be2 Bxe2 27. Rxe2 Nh7 28. Rf1 Ng5 29. Bxg5 Rxg5 30. Kg2 Rgh5 31. h4 Kd7 32. a4 Kc7 33. Rb2 a5 34. Rfb1 Rb8 35. Kh3 Rh6 36. Kg4 Rg6+ 37. Kf3 Rh6 38. Rh2 Rbh8 39. Rbh1 Kd7 40. g4 g5 41. Kg3 R6h7 42. h5 Rh6 43. Rf2 Rf8 44. Rhf1 Ke7 45. Rb2 Rb8 46. Rfb1 1-0

[Variant "Standard"]
[Site "Europe Echecs"]

[Event "Sunway Sitges Chess Festival"]
[Date "2024.12.22"]
[White "Gorshtein, Ido"]
[Black "Vetokhin, Savva"]
[WhiteElo "2422"]
[BlackElo "2502"]
[Round "19.1"]
[Result "0-1"]
[TimeControl "40/5400+30:1800+30"]

1. c4 e6 2. Nf3 d5 3. g3 Nf6 4. Bg2 dxc4 5. Qa4+ Nbd7 6. Qxc4 a6 7. Qb3 c5 8. Nc3 Be7 9. O-O O-O 10. a4 Rb8 11. a5 b5 12. axb6 Rxb6 13. Qc2 Bb7 14. d3 Nd5 15. Na4 Rc6 16. b3 Bf6 17. Bb2 Rc8 18. Rfc1 Qe7 19. Bxf6 N5xf6 20. Nb2 e5 21. Nc4 e4 22. dxe4 Bxe4 23. Qb2 Bb7 24. Rd1 Rb8 25. Nh4 Bxg2 26. Nxg2 Qe6 27. Nf4 Qxc4 28. Qxf6 Qxb3 29. Qxa6 Nf6 30. Rac1 Rfc8 31. Rd3 Qb2 32. Rdc3 Ra8 33. Qc4 Ra1 34. Rxa1 Qxa1+ 35. Rc1 Qa8 36. f3 Qc6 37. e4 Qd6 38. Rc2 h6 39. Kg2 Nd7 40. Qd5 Qxd5 41. Nxd5 Kf8 42. f4 Ra8 43. e5 Ra4 44. Rb2 Rd4 45. Ne3 Rb4 46. Rc2 Rb3 47. Kf2 g6 48. Ra2 Ke7 49. Ra6 Rd3 50. Ke2 Rd4 51. Rc6 Ke8 52. h4 Ke7 53. h5 Nf8 54. hxg6 fxg6 55. f5 Re4 56. fxg6 Ne6 57. Ra6 Rxe5 58. Kf3 Rg5 59. g4 Rxg6 60. Nd5+ Kf7 61. Ra7+ Kf8 62. Ra8+ Kf7 63. Ra7+ Kf8 64. Ra6 Nd4+ 0-1